 Dungeon Crawl Stone Soup version 0.19-a0-585-ge40200b (webtiles) character file.

11 ololoev the Skirmisher (level 2, 19/24 HPs)
             Began as a Demonspawn Fighter on June 9, 2016.
             Quit the game on level 2 of the Dungeon.
             The game lasted 00:00:20 (60 turns).

ololoev the Skirmisher (Demonspawn Fighter)           Turns: 60, Time: 00:00:21

Health: 19/24      AC:  6    Str: 16    XL:     2   Next: 13%
Magic:  2/2        EV:  6    Int:  9    God:
Gold:   0          SH:  8    Dex: 12    Spells: 0 memorised, 1 level left

rFire  . . .     SeeInvis .     a - +0 long sword
rCold  . . .     Gourm    .     b - +0 scale mail
rNeg   . . .     Faith    .     c - +0 shield
rPois  .         Spirit   .     (helmet restricted)
rElec  .         Dismiss  .     (no cloak)
rCorr  .         Reflect  .     (no gloves)
SustAt .         Harm     .     (no boots)
MR     .....                    (no amulet)
Stlth  ..........               (no ring)
                                (no ring)

@: not resistant to hostile enchantments, extremely unstealthy
A: antennae 1
a: no special abilities


Innate Abilities, Weirdness & Mutations

You have a pair of small antennae on your head.

Inventory:

Hand Weapons
 a - a +0 long sword (weapon)
Armour
 b - a +0 scale mail (worn)
 c - a +0 shield (worn)
Scrolls
 e - a scroll of identify {unknown}
Potions
 d - a potion of might
Comestibles
 f - a bread ration


   Skills:
 - Level 3.0 Fighting
 * Level 2.4 Long Blades
 + Level 2.8 Armour
 - Level 2.6 Shields


You had one spell level left.
You didn't know any spells.


You were on level 2 of the Dungeon.
You were not hungry.

You visited 1 branch of the dungeon, and saw 2 of its levels.

### ##.#####
######......#
######.......#
.......†..##.# #
##.##.<...#.###...#
#.#....@....#
#.#...#.......#
#.#...#.....#.#
#.....#b....#
.........>..#
#####.#.......
.......#.#
####....#

Notes
Turn   | Place    | Note
--------------------------------------------------------------
     0 | D:1      | ololoev the Demonspawn Fighter began the quest for the Orb.
     0 | D:1      | Reached XP level 1. HP: 18/18 MP: 1/1
    59 | D:2      | Gained mutation: You have a pair of small antennae on your head. [demonic ancestry]
    59 | D:2      | Reached XP level 2. HP: 19/24 MP: 2/2
    60 | D:2      | Quit the game

Dungeon Overview and Level Annotations

Branches:
Dungeon (2/15)

Altars:


Message History

Welcome, ololoev the Demonspawn Fighter.
Will you prevail where others failed? Will you find the Orb of Zot?
Press ? for a list of commands and other information.
Found a robe.
Found a staircase leading out of the dungeon.
You see here a robe.
A rat comes into view.
The rat bites you but does no damage.
Your shield prevents you from hitting the rat.
The rat bites you but does no damage.
You hit the rat.
The rat is heavily wounded.
The rat bites you. You block the rat's attack.
You hit the rat.
You kill the rat!
Found a stone staircase leading down.
Found a scroll labeled HOTHEU ROTIR.
e - a scroll labeled HOTHEU ROTIR
There is a stone staircase leading down here.
You climb downwards.
A hobgoblin comes into view.
The hobgoblin shouts!
There is a stone staircase leading up here.
You barely miss the hobgoblin. You block the hobgoblin's attack.
You barely miss the hobgoblin. You block the hobgoblin's attack.
You hit the hobgoblin.
The hobgoblin is moderately wounded.
You block the hobgoblin's attack.
You slash the hobgoblin!
You kill the hobgoblin!
No target in view!
No target in view!
Found a stone staircase leading down.
An adder comes into view.
A bat comes into view.
You hit the adder.
The adder is heavily wounded.
The bat hits you.
You block the adder's attack. x2; The bat barely misses you.
You hit the adder.
The adder is almost dead.
You block the bat's attack. You block the adder's attack. The adder bites you.
Your shield and scale mail prevent you from hitting the adder.
The adder is almost dead.
The bat hits you but does no damage. You block the adder's attack.
The adder bites you but does no damage.
You hit the adder.
You kill the adder!
Your Long Blades skill increases to level 2!
You have reached level 2!
You feel monstrous as your demonic heritage exerts itself.
Your demonic ancestry asserts itself...
A pair of antennae grows on your head! The bat hits you but does no damage.
Are you sure you want to abandon this character and quit the game? (Confirm with "yes".)

You could see a bat.

Vanquished Creatures
  An adder (D:2)
  A hobgoblin (D:2)
  A rat (D:1)
3 creatures vanquished.

Action                   || total
-------------------------++-------
Melee: Long sword        ||    11
Armor: Scale mail        ||     5
Dodge: Dodged            ||     1
Block: Shield            ||     9

Vault maps used:
D:1:      tarquinn_simple_flora_water_a, cheibriados_altar_1
